 Dungeon Crawl Stone Soup version 0.30-a0-190-g22c9a3c0ff (webtiles) character file.

Game seed: 17197497270080847477

1270 Morbidden the Chopper (level 8, -8/69 HPs)
             Began as a Ghoul Fighter on Oct 4, 2022.
             Killed from afar by a steam dragon (17 damage)
             ... with a ball of steam
             ... on level 6 of the Dungeon.
             The game lasted 00:07:11 (6031 turns).

Morbidden the Chopper (Ghoul Fighter)               Turns: 6031, Time: 00:07:12

Health: -8/69      AC: 15    Str: 22    XL:     8   Next: 53%
Magic:  7/7        EV:  3    Int:  3    God:
Gold:   328        SH: 10    Dex:  8    Spells: 7/7 levels left

rFire   . . .      SeeInvis .    a - +1 war axe
rCold   + . .      Faith    .    k - +0 tower shield
rNeg    + + +      Spirit   .    s - +0 plate armour
rPois   ∞          Reflect  .    m - +1 helmet
rElec   .          Harm     .    (no cloak)
rCorr   .          Rampage  .    (no gloves)
Will    .....                    f - +0 pair of boots
Stlth   ..........               (no amulet)
HPRegen 0.00/turn                (no ring)
MPRegen 0.10/turn                (no ring)

@: inhibited regen
A: claws 1, cold resistance 1, negative energy resistance 3, inhibited
regeneration, torment resistance 2, devour on kill
a: no special abilities


You were on level 6 of the Dungeon.
You visited 1 branch of the dungeon, and saw 6 of its levels.

You collected 328 gold pieces.

Inventory:

Hand Weapons
 a - a +1 war axe (weapon)
Missiles
 c - 10 boomerangs (quivered)
 l - 6 javelins
 n - 4 throwing nets
Armour
 f - a +0 pair of boots (worn)
 k - a +0 tower shield (worn)
 m - a +1 helmet (worn)
 s - a +0 plate armour (worn)
Jewellery
 x - a ring of ice
Wands
 e - a wand of flame (9)
 u - a wand of roots (6)
 y - a wand of charming (5)
Scrolls
 b - a scroll of noise
 g - 4 scrolls of identify
 h - 3 scrolls of teleportation
 i - 2 scrolls of enchant weapon
 p - a scroll of summoning
 t - a scroll of blinking
 v - a scroll of amnesia {unknown}
 w - a scroll of immolation {unknown}
Potions
 d - 2 potions of might
 j - 2 potions of degeneration
 o - a potion of lignification
 q - a potion of flight


   Skills:
 * Level 5.4 Fighting
 * Level 6.0 Axes
 * Level 2.5 Throwing
 * Level 5.1 Armour
 * Level 2.6 Dodging
 + Level 0.2 Stealth
 - Level 2.6 Shields


You had 7 spell levels left.
You didn't know any spells.
Your spell library contained the following spells:

 Spells                   Type           Power      Damage    Failure   Level
 Stone Arrow              Conj/Erth      0%         3d7       100%        3
 Animate Armour           Summ/Erth      0%         N/A       100%        4
 Lehudib's Crystal Spear  Conj/Erth      0%         10d2      100%        8


Dungeon Overview and Level Annotations

Branches:
Dungeon (6/15)
 Temple: D:4-7

Altars:
Nemelex Xobeh
Sif Muna
Wu Jian


Innate Abilities, Weirdness & Mutations

You are immune to poison.
You have sharp fingernails.
Your flesh is cold resistant. (rC+)
You are immune to negative energy. (rN+++)
You do not regenerate when monsters are visible.
You are immune to unholy pain and torment.
You thrive by killing the living.


Message History

The scorpion is heavily wounded.
You hit the steam dragon but do no damage.
You barely miss the ice beast.
You are engulfed in a cloud of scalding steam.
You block the scorpion's attack. The steam dragon bites you.
The steam dragon barely misses you.
Your kobold brigand throws a poisoned dart.
The poisoned dart hits the ice beast!
The ice beast hits you but does no damage.
You block the scorpion's attack.
Unknown command.
You are too injured to fight recklessly!
You are too injured to fight recklessly!
Unknown command.
You closely miss the steam dragon. You closely miss the scorpion.
You hit the ice beast.
You are engulfed in a cloud of scalding steam.
Your kobold brigand dissolves into shadows!
The steam dragon breathes steam at you. The ball of steam hits you!
* * * LOW HITPOINT WARNING * * *
The ice beast hits you but does no damage.
You block the scorpion's attack.
The steam dragon bites you but does no damage.
You block the steam dragon's attack.
The ice beast hits you but does no damage.
The scorpion stings you but does no damage.
You hit the steam dragon.
The steam dragon is lightly wounded.
You hit the ice beast. You slash the scorpion!
You kill the scorpion!
You feel better.
You are engulfed in a cloud of scalding steam.
* * * LOW HITPOINT WARNING * * *
The steam dragon bites you but does no damage.
The steam dragon barely misses you. The ice beast barely misses you.
The orc hits you but does no damage. The ice beast barely misses you.
The steam dragon breathes steam at you. The ball of steam hits you!
You die...

## #. .# #.. .# ...
##.### .## ...#
####....###..#.....
.....##.§........
........@..###..
...##..oDY.##.#
#.........#
##........###..
####.............#
#...........##....
#..........##...#.
#.............# .
#...........#....


You could see a steam dragon (catching breath), an ice beast and an orc.

Vanquished Creatures
  A water moccasin (D:5)
  Pargi (D:3)
  A centaur (D:5)
  A necrophage (D:5)
  4 scorpions
  A howler monkey (D:5)
  4 jellies
  3 orc priests
  2 hounds (D:5)
  An iguana (D:4)
  2 orc wizards (D:5)
  Robin (D:2)
  11 gnolls
  9 adders
  A shadow imp (D:5)
  A white imp (D:6)
  A dart slug (D:3)
  12 orcs
  10 ball pythons
  5 endoplasms
  4 giant cockroaches
  11 goblins
  8 hobgoblins
  15 jackals
  10 kobolds
  5 quokkas
  4 bats
  3 frilled lizards
  8 rats
140 creatures vanquished.

Vanquished Creatures (collateral kills)
  A hound (D:6)
  A jelly (D:6)
2 creatures vanquished.

Vanquished Creatures (others)
  10 demonic plants (D:2)
  6 plants
  A withered plant (D:2)
17 creatures vanquished.

Grand Total: 159 creatures vanquished

Notes
Turn   | Place    | Note
-------+----------+-------------------------------------------
     0 | D:1      | Morbidden the Ghoul Fighter began the quest for the Orb.
     0 | D:1      | Reached XP level 1. HP: 19/19 MP: 0/0
   121 | D:1      | Reached XP level 2. HP: 26/26 MP: 1/1
   151 | D:1      | Found Nycaegh's Assorted Antiques.
   155 | D:1      | Reached skill level 2 in Axes
   529 | D:1      | Reached XP level 3. HP: 31/31 MP: 2/2
  1130 | D:2      | Reached XP level 4. HP: 39/40 MP: 3/3
  1247 | D:2      | Found a faded altar of an unknown god.
  1295 | D:2      | Reached skill level 1 in Dodging
  1326 | D:2      | Noticed Robin
  1514 | D:2      | Reached skill level 3 in Axes
  1533 | D:2      | Killed Robin
  1534 | D:2      | Reached XP level 5. HP: 27/46 MP: 4/4
  2430 | D:3      | Noticed Pargi
  2440 | D:3      | Reached skill level 1 in Throwing
  2456 | D:3      | Killed Pargi
  2457 | D:3      | Reached XP level 6. HP: 12/52 MP: 5/5
  3372 | D:4      | Reached skill level 4 in Axes
  3674 | D:4      | Reached XP level 7. HP: 60/60 MP: 6/6
  3818 | D:4      | Found a sparkling altar of Nemelex Xobeh.
  4123 | D:5      | Entered Level 5 of the Dungeon
  4154 | D:5      | HP: 3/60 [orc wizard/+0 dagger (4)]
  4155 | D:5      | HP: 1/60 [orc wizard/+0 dagger (2)]
  4850 | D:4      | Reached skill level 5 in Axes
  5180 | D:5      | Reached skill level 5 in Fighting
  5263 | D:5      | Found a large runed translucent door.
  5263 | D:5      | Found a large runed translucent door.
  5353 | D:5      | Reached XP level 8. HP: 57/68 MP: 7/7
  5690 | D:5      | Reached skill level 5 in Armour
  5908 | D:5      | Found an ornate altar of the Wu Jian Council.
  5925 | D:5      | Found a shimmering blue altar of Sif Muna.
  6026 | D:6      | Reached skill level 6 in Axes
  6031 | D:6      | Killed from afar by a steam dragon

Illustrated notes

Levels and vault maps discovered:
D:1:      grunt_arrival_lava_bath, layout_basic, serial_shops,
          nicolae_shop_waterfront, nicolae_grassy_gnolls
D:2:      layout_basic, shapermc_ecumenical_altar_gd,
          minmay_randomly_rotated_circles, uniq_robin
D:3:      layout_loops_ring, minmay_misc_feat_secret_circle, uniq_pargi
D:4:      layout_rooms, nemelex_xobeh_ov_fountains_minmay
D:5:      layout_cave_pools, jmf_multi_god_temple2,
          hangedman_abyss_or_decor_passed
D:6:      layout_cave_pools, amcnicky_altar_gilded, makhleb_altar_promises_db,
          minmay_temple_entry_sparse_star, cheibrodos_sewer_entry_bend,
          grunt_ministairs_4, uniq_edmund

Skill      XL: |  1  2  3  4  5  6  7  8 |
---------------+-------------------------+-----
Axes           | 2 3 4 5 6 |  6.0
Armour         | 3 4 5 |  5.1
Dodging        | 1 2 |  2.6
Fighting       | 4 5 |  5.4
Throwing       | 1 2 |  2.5
Stealth        | |  0.2
Shields        | |  2.6

Action                   |  1- 3 |  4- 6 |  7- 9 || total
-------------------------+-------+-------+-------++-------
Melee: War axe           |    93 |   204 |   209 ||   506
Throw: Boomerang         |       |     4 |       ||     4
  Use: Potion            |       |       |     8 ||     8
       Scroll            |       |       |     8 ||     8
Armor: Scale mail        |    48 |   124 |       ||   172
       Chain mail        |       |    61 |   203 ||   264
       Plate armour      |       |       |    82 ||    82
Dodge: Dodged            |    46 |    85 |    67 ||   198
Block: Buckler           |    19 |       |       ||    19
       Tower shield      |    25 |   196 |   178 ||   399

Table legend: (Time is in decaauts)
 A = Elapsed time spent in this place.
 B = Non-inter-level travel time spent in this place.
 C = Inter-level travel time spent in this place.
 D = Time resting spent in this place.
 E = Time spent auto-exploring this place.
 F = Levels seen in this place.
 G = Mean time per level.
                   A        B        C        D        E       F      G
               +--------+--------+--------+--------+--------+-----+--------+
         Total |   6352 |   6143 |    209 |   1620 |   3165 |   6 | 1058.7 |
       Dungeon |   6352 |   6143 |    209 |   1620 |   3165 |   6 | 1058.7 |
               +--------+--------+--------+--------+--------+-----+--------+

Top non-repeatable levels by time:
     D:4: 1535 daAuts
     D:2: 1486 daAuts
     D:5: 1300 daAuts
     D:1: 1045 daAuts
     D:3: 931 daAuts
     D:6: 53 daAuts
